 Dungeon Crawl Stone Soup version 0.21-a0-522-ga8338f0 (webtiles) character file.

9511 mortelune the Thaumaturge (level 11, -9/64 HPs)
             Began as a Deep Elf Conjurer on Dec 6, 2017.
             Was an Elder of Vehumet.
             Mangled by a four-headed hydra (11 damage)
             ... on level 1 of the Lair of Beasts.
             The game lasted 01:03:14 (13132 turns).

mortelune the Thaumaturge (Deep Elf Conjurer)      Turns: 13132, Time: 01:03:15

Health: -9/64      AC: 10    Str:  5    XL:     11   Next: 24%
Magic:  38/38      EV: 17    Int: 24    God:    Vehumet [****..]
Gold:   726        SH:  0    Dex: 15    Spells: 8/34 levels left

rFire    . . .     SeeInvis .   R - +1 spear (venom)
rCold    . . .     Gourm    .   (no shield)
rNeg     + . .     Faith    .   Q - +0 troll leather armour
rPois    .         Spirit   .   x - +0 helmet
rElec    .         Reflect  .   y - +0 cloak
rCorr    .         Harm     .   i - +0 pair of gloves
MR       +....                  D - +2 pair of boots
Stlth    ++........             C - amulet of magic regeneration
HPRegen  0.60/turn              d - ring of positive energy
MPRegen  0.51/turn              N - ring of magical power

@: no status effects
A: no striking features
a: Renounce Religion


You were on level 1 of the Lair of Beasts.
You worshipped Vehumet.
Vehumet was greatly pleased with you.
You were hungry.

You visited 2 branches of the dungeon, and saw 11 of its levels.

You collected 726 gold pieces.

Inventory:

Hand Weapons
 A - a +2 dagger of speed
 H - a +0 hand axe of flaming
 R - a +1 spear of venom (weapon)
Armour
 i - a +0 pair of gloves (worn)
 x - a +0 helmet (worn)
 y - a +0 cloak (worn)
 D - a +2 pair of boots (worn)
 Q - a +0 troll leather armour (worn)
Jewellery
 d - a ring of positive energy (left hand)
 e - an uncursed ring of fire
 h - an uncursed ring of flight
 m - an uncursed amulet of guardian spirit
 o - an uncursed ring of protection from fire
 p - a cursed ring of protection from cold {unknown}
 v - an uncursed ring of wizardry
 C - an amulet of magic regeneration (around neck)
 N - a ring of magical power (right hand)
 P - a -3 ring of strength
 T - an uncursed ring of magical power
Wands
 F - a wand of acid (11)
 K - a wand of polymorph (7)
 S - a wand of scattershot (5)
 V - a wand of flame (15)
Scrolls
 f - 6 scrolls of teleportation
 j - 3 scrolls of enchant weapon
 l - 2 scrolls of immolation
 n - 3 scrolls of remove curse
 q - 4 scrolls of amnesia
 E - a scroll of magic mapping {unknown}
 J - 3 scrolls of blinking
 U - a scroll of enchant armour {unknown}
 W - a scroll of summoning {unknown}
 Y - a scroll of brand weapon {unknown}
Potions
 g - 2 potions of ambrosia
 r - 2 potions of mutation
 s - 2 potions of degeneration
 t - a potion of resistance
 w - 3 potions of agility
 z - 2 potions of haste
 B - 2 potions of might {unknown}
 G - a potion of flight {unknown}
 M - a potion of invisibility
Books
 b - a book of Conjurations

   Spells                             Type                      Level
   a - Magic Dart                     Conjuration                  1
   b - Searing Ray                    Conjuration                  2
   c - Dazzling Spray                 Conjuration/Hexes            3
   d - Fulminant Prism                Conjuration/Hexes            4
   e - Force Lance                    Conjuration/Translocation    4
   f - Iskenderun's Mystic Blast      Conjuration                  4
 L - a book of Callings

   Spells                             Type                      Level
   a - Summon Small Mammal            Summoning                    1
   b - Call Imp                       Summoning                    2
   c - Call Canine Familiar           Summoning                    3
   d - Summon Guardian Golem          Hexes/Summoning              3
   e - Summon Lightning Spire         Summoning/Air                4
   f - Summon Ice Beast               Ice/Summoning                4
Comestibles
 c - 7 bread rations
 k - 14 fruits
 I - 2 meat rations
 O - 3 royal jellies


   Skills:
 + Level 6.3 Fighting
 + Level 9.4 Dodging
 - Level 2.4 Stealth
 + Level 12.1 Spellcasting
 + Level 10.9 Conjurations
 + Level 5.7 Fire Magic


You had 8 spell levels left.
You knew the following spells:

 Your Spells              Type           Power        Failure   Level  Hunger
a - Magic Dart            Conj           ####         1%          1    None
b - Searing Ray           Conj           ######       1%          2    None
c - Dazzling Spray        Conj/Hex       #####.       1%          3    None
d - Force Lance           Conj/Tloc      #####...     2%          4    None
e - Iskenderun's Mystic   Conj           ######..     1%          4    None
f - Conjure Flame         Conj/Fire      ######..     1%          3    None
g - Sticky Flame          Conj/Fire      ######..     1%          4    None
h - Fireball              Conj/Fire      ######....   1%          5    ###....


Dungeon Overview and Level Annotations

Branches:
Dungeon (10/15)            Temple (0/1) D:6            Lair (1/6) D:8
    Orc (0/2) D:9

Altars:
Dithmenos
Fedhas
Trog
Vehumet
Beogh

Annotations:
D:6 Sigmund


Message History

HP restored.
You start resting.
Magic restored.
You start waiting.
Done waiting.
You climb downwards.
Welcome back to the Lair of Beasts!
The yak bellows! x2
The four-headed hydra bites you!
The four-headed hydra closely misses you.
The four-headed hydra bites you! x2; The four-headed hydra bites you.
The four-headed hydra bites you!
* * * LOW HITPOINT WARNING * * *
The four-headed hydra bites you!
* * * LOW HITPOINT WARNING * * *
The four-headed hydra bites you.
* * * LOW HITPOINT WARNING * * *
A yak comes into view.
There is a staircase back to the Dungeon, spattered with blood here.
The four-headed hydra bites you!
You die...

...................
.....$.............
....Y..............
....Y..............
....YY.............
...................
...........:......#
........D.......#..
........@........#
............#...##
.........P###...#
........### ...#
....#.... ..#
..####### ... ##


You could see a four-headed hydra and 4 yaks.

Vanquished Creatures
  A two-headed ogre (D:10)
  The ghost of Ratty the Archer, a novice CeBe of Trog (D:8)
  A komodo dragon (D:7)
  2 trolls (D:9)
  4 blink frogs (Lair:1)
  A hippogriff (D:9)
  A wyvern (D:9)
  A vampire (D:10)
  7 yaks
  2 hungry ghosts (D:9)
  Grum (D:8)
  The ghost of kibaces the Magician, an amateur DEAE (D:4)
  Duvessa (D:6)
  2 ice beasts (D:8)
  4 orc warriors (D:9)
  3 phantoms
  2 sky beasts
  7 ogres
  2 wolves (D:8)
  3 centaurs
  2 big kobolds
  4 bullfrogs
  Blork the orc (D:6)
  A wyvern zombie (D:10)
  Dowan (D:6)
  A troll zombie (D:9)
  2 scorpions
  6 killer bees (D:10)
  6 crimson imps
  4 jellies
  3 centaur zombies
  11 hounds
  6 orc wizards
  A bullfrog skeleton (D:7)
  8 orc priests
  2 iguanas
  Jessica (D:3)
  Natasha (thrice) (D:4)
  5 worker ants
  5 ogre zombies (D:9)
  3 hound skeletons
  A howler monkey zombie (D:7)
  A worker ant zombie (D:10)
  Robin (D:2)
  10 adders
  2 shadow imps (D:5)
  4 oozes
  2 adder skeletons
  3 adder zombies
  4 worms
  5 dart slugs
  5 leopard geckos
  70 orcs
  7 bats
  9 giant cockroaches
  7 hobgoblins
  11 jackals
  3 quokkas
  A ball python (D:1)
  A ball python skeleton (D:4)
  6 frilled lizards
  17 goblins
  2 goblin skeletons (D:9)
  A hobgoblin skeleton (D:9)
  3 hobgoblin zombies (D:9)
  12 kobolds
  A leopard gecko skeleton (D:4)
  3 orc skeletons (D:9)
  9 orc zombies (D:9)
  2 quokka skeletons
  8 rats
334 creatures vanquished.

Notes
Turn   | Place    | Note
-------+----------+-------------------------------------------
     0 | D:1      | mortelune the Deep Elf Conjurer began the quest for the Orb.
     0 | D:1      | Reached XP level 1. HP: 10/10 MP: 6/6
   100 | D:1      | Reached XP level 2. HP: 15/15 MP: 4/8
   104 | D:1      | Learned a level 2 spell: Searing Ray
   540 | D:1      | Reached skill level 4 in Spellcasting
   593 | D:1      | Reached XP level 3. HP: 19/19 MP: 7/10
   598 | D:1      | Learned a level 3 spell: Dazzling Spray
   677 | D:1      | Reached skill level 5 in Conjurations
  1346 | D:2      | Found a shadowy altar of Dithmenos.
  2006 | D:2      | Reached XP level 4. HP: 24/24 MP: 5/12
  2316 | D:2      | Noticed Robin
  2321 | D:2      | Killed Robin
  2321 | D:2      | Reached skill level 5 in Spellcasting
  3008 | D:3      | Reached XP level 5. HP: 28/28 MP: 9/15
  3192 | D:3      | Noticed Jessica
  3203 | D:3      | Killed Jessica
  3205 | D:3      | Reached skill level 6 in Spellcasting
  3777 | D:3      | Reached XP level 6. HP: 26/32 MP: 12/17
  3921 | D:3      | Found a radiant altar of Vehumet.
  3939 | D:3      | Became a worshipper of Vehumet
  4450 | D:3      | Learned a level 4 spell: Force Lance
  4859 | D:4      | Noticed kibaces's ghost (amateur DEAE)
  4865 | D:4      | Reached skill level 7 in Spellcasting
  4871 | D:4      | Killed kibaces's ghost
  4887 | D:4      | Reached XP level 7. HP: 20/36 MP: 9/19
  5598 | D:4      | Found a blossoming altar of Fedhas.
  5603 | D:4      | Noticed Natasha
  5608 | D:4      | Killed Natasha
  5706 | D:4      | Noticed Natasha
  5710 | D:4      | Killed Natasha
  5780 | D:4      | Noticed Natasha
  5788 | D:4      | Killed Natasha
  5915 | D:5      | Entered Level 5 of the Dungeon
  5927 | D:5      | Reached skill level 1 in Fighting
  6160 | D:5      | Found a blossoming altar of Fedhas.
  6206 | D:5      | Reached skill level 8 in Spellcasting
  6297 | D:5      | Reached * piety under Vehumet
  6297 | D:5      | Offered knowledge of Freeze by Vehumet.
  6304 | D:5      | Learned a level 4 spell: Iskenderun's Mystic Blast
  6352 | D:5      | Reached XP level 8. HP: 44/44 MP: 3/22
  6479 | D:5      | Found a bloodstained altar of Trog.
  7196 | D:6      | Reached skill level 5 in Dodging
  7241 | D:6      | Found a staircase to the Ecumenical Temple.
  7400 | D:6      | Noticed Blork the orc
  7403 | D:6      | Reached skill level 9 in Spellcasting
  7410 | D:6      | Killed Blork the orc
  7735 | D:6      | Noticed Sigmund
  7771 | D:6      | Noticed Dowan
  7774 | D:6      | Noticed Duvessa
  7789 | D:6      | Killed Duvessa
  7792 | D:6      | Killed Dowan
  8090 | D:7      | Noticed a komodo dragon
  8097 | D:7      | Reached ** piety under Vehumet
  8105 | D:7      | Killed a komodo dragon
  8105 | D:7      | Offered knowledge of Throw Frost by Vehumet.
  8105 | D:7      | Reached XP level 9. HP: 27/51 MP: 8/24
  8838 | D:7      | Reached skill level 10 in Spellcasting
  9028 | D:8      | Offered knowledge of Conjure Flame by Vehumet.
  9034 | D:8      | Learned a level 3 spell: Conjure Flame
  9063 | D:8      | Noticed Ratty's ghost (novice CeBe)
  9149 | D:8      | Found a staircase to the Lair.
  9393 | D:8      | Reached skill level 1 in Fire Magic
  9526 | D:8      | Killed Ratty's ghost
  9806 | D:8      | Reached *** piety under Vehumet
  9828 | D:8      | Noticed Grum
  9835 | D:8      | Killed Grum
  9835 | D:8      | Reached XP level 10. HP: 58/58 MP: 2/26
 10260 | D:9      | Offered knowledge of Sticky Flame by Vehumet.
 10268 | D:9      | Reached skill level 5 in Fighting
 10290 | D:9      | Learned a level 4 spell: Sticky Flame
 10471 | D:9      | Reached skill level 11 in Spellcasting
 10767 | D:9      | Reached skill level 10 in Conjurations
 10947 | D:9      | Reached **** piety under Vehumet
 10975 | D:9      | Found a staircase to the Orcish Mines.
 11070 | D:9      | Offered knowledge of Ignite Poison by Vehumet.
 11646 | D:9      | Found a roughly hewn altar of Beogh.
 11885 | D:10     | Entered Level 10 of the Dungeon
 11908 | D:10     | Noticed a two-headed ogre
 11914 | D:10     | Killed a two-headed ogre
 11964 | D:10     | Reached ***** piety under Vehumet
 12088 | D:10     | Reached skill level 5 in Fire Magic
 12208 | D:10     | Offered knowledge of Fireball by Vehumet.
 12208 | D:10     | Reached XP level 11. HP: 64/64 MP: 22/28
 12216 | D:10     | Learned a level 5 spell: Fireball
 12570 | D:10     | Reached skill level 12 in Spellcasting
 12935 | Lair:1   | Entered Level 1 of the Lair of Beasts
 12957 | Lair:1   | Noticed a four-headed hydra
 13131 | Lair:1   | HP: 3/64 [four-headed hydra (11)]
 13132 | Lair:1   | Mangled by a four-headed hydra

Vault maps used:
D:1:      dpeg_arrival_tiny_c
D:2:      lemuel_round_altar, minivault_24, st_stairs_14, uniq_robin
D:3:      vehumet_crystals, kennysheep_path_1, uniq_jessica
D:4:      kennysheep_mini_moat, first_bread, serial_bayou_crossing, uniq_natasha
D:5:      bloody_trog, fedhas_altar_4
D:6:      minmay_temple_entry_steel_oval, uniq_duvessa, uniq_sigmund,
          uniq_blork_the_orc
D:8:      lair_entry_dummy, hangedman_minor_gate_pass, uniq_grum
D:9:      zombieorc1_lemuel
Lair:1:   basic_altar, minmay_lair_oklob_chamber, grunt_megastairs_4

Skill      XL: |  1  2  3  4  5  6  7  8  9 10 11 |
---------------+----------------------------------+-----
Spellcasting   | 4 5 6 7 8 9 10 11 12 | 12.1
Conjurations   | 5 6 7 8 9 10 | 10.9
Dodging        | 4 6 7 9 |  9.4
Fighting       | 2 3 4 6 |  6.3
Fire Magic     | 2 5 |  5.7
Stealth        | |  2.4

Action                   |  1- 3 |  4- 6 |  7- 9 | 10-12 || total
-------------------------+-------+-------+-------+-------++-------
Melee: Spear             |       |       |       |     9 ||     9
 Cast: Magic Dart        |    90 |   116 |   144 |    42 ||   392
       Searing Ray       |     2 |    19 |    59 |    33 ||   113
       Dazzling Spray    |       |     9 |    31 |     6 ||    46
       Force Lance       |       |     3 |     7 |     8 ||    18
       Iskenderun's Myst |       |       |    29 |    84 ||   113
       Conjure Flame     |       |       |     5 |    16 ||    21
       Sticky Flame      |       |       |       |    22 ||    22
       Fireball          |       |       |       |    11 ||    11
  Use: Scroll            |       |     7 |     6 |     5 ||    18
       Potion            |       |     1 |       |     1 ||     2
  Eat: Chunk             |     3 |     9 |    13 |     9 ||    34
       Fruit             |       |       |     2 |       ||     2
       Royal jelly       |       |       |       |     1 ||     1
Armor: Robe              |     5 |     6 |    29 |     7 ||    47
       Troll leather arm |       |       |       |     2 ||     2
Dodge: Dodged            |     7 |    19 |    95 |    42 ||   163

Table legend:
 A = Spawn XP
 B = Non-spawn XP
 C = Spawn XP percentage of total XP
 D = Spawn monster count
 E = Non-spawn monster count
 F = Spawn count percentage of total count
 G = Total turns spent on level
                    A         B        C        D         E        F      G
               +---------+---------+-------+---------+---------+-------+---------
         Total |       0 |   13588 |   0.0 |       0 |     334 |   0.0 | 13132
               +---------+---------+-------+---------+---------+-------+---------
           D:1 |       0 |      60 |   0.0 |       0 |      25 |   0.0 |  1167
           D:2 |       0 |      87 |   0.0 |       0 |      33 |   0.0 |  1467
           D:3 |       0 |     339 |   0.0 |       0 |      41 |   0.0 |  2079
           D:4 |       0 |     441 |   0.0 |       0 |      22 |   0.0 |  1253
           D:5 |       0 |     772 |   0.0 |       0 |      27 |   0.0 |  1024
           D:6 |       0 |     936 |   0.0 |       0 |      23 |   0.0 |  1185
           D:7 |       0 |     983 |   0.0 |       0 |      25 |   0.0 |   859
           D:8 |       0 |    2544 |   0.0 |       0 |      27 |   0.0 |  1373
           D:9 |       0 |    3394 |   0.0 |       0 |      78 |   0.0 |  1765
          D:10 |       0 |    2960 |   0.0 |       0 |      29 |   0.0 |   929
        Lair:1 |       0 |    1072 |   0.0 |       0 |       4 |   0.0 |    31
               +---------+---------+-------+---------+---------+-------+---------
